TOP OF THE 1ST |
Springfield Shooters batting - Pitching for Casper Ghosts : RHP Jim Unknown
|
Pitching: RHP Jim Unknown
|
|
Batting: RHB Tom Potts
|
0-0: Bunt for hit - play at first, batter OUT! 3-4
|
Batting: RHB Jim Unknown
|
0-0: Swinging Strike 0-1: Foul Ball, location: 2F 0-2: Ball 1-2: Strikes out swinging
|
Batting: SHB Jared Jefferson
|
0-0: Ground out 4-3 (Groundball, 4)
|
Top of the 1st over - 0 run(s), 0 hit(s), 0 error(s), 0 left on base; Springfield 0 - Casper 0 |
BOTTOM OF THE 1ST |
Casper Ghosts batting - Pitching for Springfield Shooters : RHP Kuemon Hirata
|
Pitching: RHP Kuemon Hirata
|
|
Batting: RHB Warner Robinson
|
0-0: Ball 1-0: Bunted foul 1-1: Foul Ball, location: 2F 1-2: SINGLE (Groundball, 34D)
|
Batting: SHB Erjan Kerstens
|
0-0: Called Strike 0-1: Called Strike 0-2: Foul Ball, location: 2F 0-2: Strikes out swinging
|
Batting: LHB Jim Unknown
|
0-0: Ball 1-0: Fielders Choice at 2nd, 6-4 (Groundball, 6)
|
Batting: LHB Terry Johnson
|
0-0: Ball Jim Unknown is caught stealing 2nd base
|
Bottom of the 1st over - 0 run(s), 1 hit(s), 0 error(s), 0 left on base; Springfield 0 - Casper 0 |
TOP OF THE 2ND |
Springfield Shooters batting - Pitching for Casper Ghosts : RHP Jim Unknown
|
Batting: RHB Randy Galloway
|
0-0: Called Strike 0-1: Ball 1-1: Ball 2-1: Ball 3-1: Base on Balls
|
Batting: SHB Adrián Pueblo
|
0-0: Swinging Strike 0-1: Ball 1-1: Ball 2-1: Hit by Pitch Randy Galloway to second
|
Batting: RHB Jim Unknown
|
0-0: Ball 1-0: Grounds into double play, 5-4-3 (Groundball, 5) Randy Galloway to third
|
Batting: SHB Jim Unknown
|
0-0: Ball 1-0: Foul Ball, location: 2F 1-1: Ball 2-1: Swinging Strike 2-2: Strikes out swinging
|
Top of the 2nd over - 0 run(s), 0 hit(s), 0 error(s), 1 left on base; Springfield 0 - Casper 0 |
BOTTOM OF THE 2ND |
Casper Ghosts batting - Pitching for Springfield Shooters : RHP Kuemon Hirata
|
Batting: LHB Terry Johnson
|
0-0: Called Strike 0-1: Foul Ball, location: 2F 0-2: Strikes out swinging
|
Batting: RHB Dave Young
|
0-0: Called Strike 0-1: Called Strike 0-2: Ball 1-2: Ball 2-2: Strikes out swinging
|
Batting: RHB Austin Henderson
|
0-0: Called Strike 0-1: Ball 1-1: Fly out, F9 (Line Drive, 89M)
|
Bottom of the 2nd over - 0 run(s), 0 hit(s), 0 error(s), 0 left on base; Springfield 0 - Casper 0 |
TOP OF THE 3RD |
Springfield Shooters batting - Pitching for Casper Ghosts : RHP Jim Unknown
|
Batting: RHB Jim Unknown
|
0-0: Called Strike 0-1: Foul Ball, location: 2F 0-2: Ball 1-2: Foul Ball, location: 2F 1-2: Foul Ball, location: 2F 1-2: Fly out, F7 (Line Drive, 7S)
|
Batting: SHB Jim Unknown
|
0-0: Fly out, F8 (Line Drive, 8LS)
|
Batting: RHB Tom Potts
|
0-0: Swinging Strike 0-1: Ball 1-1: Foul Ball, location: 2F 1-2: Fly out, F9 (Flyball, 89M)
|
Top of the 3rd over - 0 run(s), 0 hit(s), 0 error(s), 0 left on base; Springfield 0 - Casper 0 |
BOTTOM OF THE 3RD |
Casper Ghosts batting - Pitching for Springfield Shooters : RHP Kuemon Hirata
|
Batting: SHB Alonso Rodríguez
|
0-0: Ball 1-0: Fly out, F6 (Popup, 6MS)
|
Batting: SHB José Juárez
|
0-0: Reached on Error, E9 (Flyball, 89M)
|
Batting: RHB Phil Baker
|
0-0: Foul Ball, location: 2F 0-1: Ball 1-1: Called Strike 1-2: Fly out, F4 (Popup, 4D)
|
Batting: RHB Warner Robinson
|
0-0: Ball 1-0: Foul Ball, location: 2F 1-1: Ball 2-1: Called Strike 2-2: Ball 3-2: Ground out 6-3 (Groundball, 6)
|
Bottom of the 3rd over - 0 run(s), 0 hit(s), 1 error(s), 1 left on base; Springfield 0 - Casper 0 |
TOP OF THE 4TH |
Springfield Shooters batting - Pitching for Casper Ghosts : RHP Jim Unknown
|
Batting: RHB Jim Unknown
|
0-0: Ball 1-0: Fly out, F8 (Flyball, 78M)
|
Batting: SHB Jared Jefferson
|
0-0: Swinging Strike 0-1: Foul Ball, location: 2F 0-2: Foul Ball, location: 2F 0-2: Strikes out looking
|
Batting: RHB Randy Galloway
|
0-0: SINGLE (Groundball, 56D)
|
Batting: SHB Adrián Pueblo
|
Pickoff Throw to First - Out!
|
Top of the 4th over - 0 run(s), 1 hit(s), 0 error(s), 0 left on base; Springfield 0 - Casper 0 |
BOTTOM OF THE 4TH |
Casper Ghosts batting - Pitching for Springfield Shooters : RHP Kuemon Hirata
|
Batting: SHB Erjan Kerstens
|
0-0: Swinging Strike 0-1: Called Strike 0-2: Strikes out looking
|
Batting: LHB Jim Unknown
|
0-0: Swinging Strike 0-1: Ball 1-1: DOUBLE (Flyball, 89XD)
|
Batting: LHB Terry Johnson
|
0-0: Called Strike 0-1: Fly out, F8 (Flyball, 8RM)
|
Batting: RHB Dave Young
|
0-0: Fly out, F3 (Popup, 3SF)
|
Bottom of the 4th over - 0 run(s), 1 hit(s), 0 error(s), 1 left on base; Springfield 0 - Casper 0 |
TOP OF THE 5TH |
Springfield Shooters batting - Pitching for Casper Ghosts : RHP Jim Unknown
|
Batting: SHB Adrián Pueblo
|
0-0: Ball 1-0: Ball 2-0: Called Strike 2-1: Foul Ball, location: 2F 2-2: Fly out, F5 (Popup, 15)
|
Batting: RHB Jim Unknown
|
0-0: SOLO HOME RUN (Flyball, 89D), Distance : 422 ft
|
Batting: SHB Jim Unknown
|
0-0: Called Strike 0-1: Ball 1-1: Ball 2-1: Ball 3-1: Ground out 3-1 (Groundball, 34)
|
Batting: RHB Jim Unknown
|
0-0: Ball 1-0: Swinging Strike 1-1: Ball 2-1: Called Strike 2-2: Ball 3-2: Fly out, F6 (Popup, 6M)
|
Top of the 5th over - 1 run(s), 1 hit(s), 0 error(s), 0 left on base; Springfield 1 - Casper 0 |
BOTTOM OF THE 5TH |
Casper Ghosts batting - Pitching for Springfield Shooters : RHP Kuemon Hirata
|
Batting: RHB Austin Henderson
|
0-0: Fly out, F9 (Flyball, 9M)
|
Batting: SHB Alonso Rodríguez
|
0-0: SOLO HOME RUN (Flyball, 89XD), Distance : 427 ft
|
Batting: SHB José Juárez
|
0-0: Ball 1-0: Ball 2-0: Called Strike 2-1: Ball 3-1: Foul Ball, location: 2F 3-2: Strikes out looking
|
Batting: RHB Phil Baker
|
0-0: Ball 1-0: Ball 2-0: Ground out 5-3 (Groundball, 5)
|
Bottom of the 5th over - 1 run(s), 1 hit(s), 0 error(s), 0 left on base; Springfield 1 - Casper 1 |
TOP OF THE 6TH |
Springfield Shooters batting - Pitching for Casper Ghosts : RHP Jim Unknown
|
Batting: SHB Jim Unknown
|
0-0: Ground out 4-3 (Groundball, 4)
|
Batting: RHB Tom Potts
|
0-0: Fly out, F8 (Flyball, 8LM)
|
Batting: RHB Jim Unknown
|
0-0: Ball 1-0: Ground out 6-3 (Groundball, 6)
|
Top of the 6th over - 0 run(s), 0 hit(s), 0 error(s), 0 left on base; Springfield 1 - Casper 1 |
BOTTOM OF THE 6TH |
Casper Ghosts batting - Pitching for Springfield Shooters : RHP Kuemon Hirata
|
Batting: RHB Warner Robinson
|
0-0: Called Strike 0-1: Called Strike 0-2: Ball 1-2: Foul Ball, location: 2F 1-2: Foul Ball, location: 2F 1-2: Ball 2-2: Strikes out swinging
|
Batting: SHB Erjan Kerstens
|
0-0: Called Strike 0-1: Foul Ball, location: 2F 0-2: Ball 1-2: Foul Ball, location: 2F 1-2: Ball 2-2: SINGLE (Groundball, 4MD)
|
Batting: LHB Jim Unknown
|
0-0: Fly out, F6 (Popup, 8LS)
|
Batting: LHB Terry Johnson
|
0-0: Ball 1-0: Ball 2-0: Fly out, F8 (Flyball, 8RXD)
|
Bottom of the 6th over - 0 run(s), 1 hit(s), 0 error(s), 1 left on base; Springfield 1 - Casper 1 |
TOP OF THE 7TH |
Springfield Shooters batting - Pitching for Casper Ghosts : RHP Jim Unknown
|
Batting: SHB Jared Jefferson
|
0-0: Ball 1-0: Ball 2-0: Ground out 4-3 (Groundball, 34)
|
Batting: RHB Randy Galloway
|
0-0: Foul Ball, location: 2F 0-1: Ball 1-1: Ball 2-1: Reached on error, E6 (Groundball, 6)
|
Batting: SHB Adrián Pueblo
|
0-0: Called Strike 0-1: Ball 1-1: Ball 2-1: Swinging Strike 2-2: Ball 3-2: Grounds into double play, 3-6-3 (Groundball, 3)
|
Top of the 7th over - 0 run(s), 0 hit(s), 1 error(s), 0 left on base; Springfield 1 - Casper 1 |
BOTTOM OF THE 7TH |
Casper Ghosts batting - Pitching for Springfield Shooters : RHP Kuemon Hirata
|
Pinch Hitting: RHB Ron Coffman
|
0-0: Ball 1-0: Ball 2-0: Ground out 4-3 (Groundball, 34)
|
Batting: RHB Austin Henderson
|
0-0: Ball 1-0: SINGLE (Line Drive, 8RS)
|
Batting: SHB Alonso Rodríguez
|
0-0: Ball 1-0: Ball 2-0: Ball 3-0: Base on Balls Austin Henderson to second
|
Batting: SHB José Juárez
|
0-0: Fly out, F7 (Flyball, 78M)
|
Batting: RHB Phil Baker
|
0-0: Ball 1-0: Ball 2-0: Ball 3-0: Called Strike 3-1: Foul Ball, location: 2F 3-2: SINGLE (Line Drive, 89S) Austin Henderson to third Alonso Rodríguez to second Austin Henderson scores Alonso Rodríguez to third
|
Batting: RHB Warner Robinson
|
0-0: Swinging Strike 0-1: Swinging Strike 0-2: Ball 1-2: Ball 2-2: Ball 3-2: Foul Ball, location: 2F 3-2: Strikes out swinging
|
Bottom of the 7th over - 1 run(s), 2 hit(s), 0 error(s), 2 left on base; Springfield 1 - Casper 2 |
TOP OF THE 8TH |
Springfield Shooters batting - Pitching for Casper Ghosts : RHP Jim Unknown
|
Now at 3B: Lorenzo Díaz
|
|
Batting: RHB Jim Unknown
|
0-0: Ball 1-0: Called Strike 1-1: Called Strike 1-2: Strikes out swinging
|
Batting: SHB Jim Unknown
|
0-0: Ball 1-0: Called Strike 1-1: SINGLE (Line Drive, 9LM)
|
Batting: RHB Jim Unknown
|
0-0: Foul Ball, location: 2F 0-1: Ball 1-1: Ball 2-1: SINGLE (Groundball, 5D) Jim Unknown to second
|
Batting: SHB Jim Unknown
|
0-0: Called Strike 0-1: Ball 1-1: Ball 2-1: Swinging Strike 2-2: Foul Ball, location: 2F 2-2: Ball 3-2: Foul Ball, location: 2F 3-2: Base on Balls Jim Unknown to third Jim Unknown to second
|
Batting: RHB Tom Potts
|
0-0: Ball 1-0: Ball 2-0: Called Strike 2-1: Foul Ball, location: 2F 2-2: Ball 3-2: Base on Balls Jim Unknown scores Jim Unknown to third Jim Unknown to second
|
Pitching: LHP Jim Unknown
|
|
Batting: RHB Jim Unknown
|
0-0: Called Strike 0-1: SINGLE (Groundball, 34D) Jim Unknown scores Jim Unknown to third Tom Potts to second Runner from 3rd tries for Home, SAFE, throw made home
|
Batting: SHB Jared Jefferson
|
0-0: Swinging Strike 0-1: Ball 1-1: Foul Ball, location: 2F 1-2: SINGLE (Groundball, 56D) (infield hit) Tom Potts to third Jim Unknown to second
|
Batting: RHB Randy Galloway
|
0-0: Called Strike 0-1: GRAND SLAM HOME RUN (Line Drive, 78XD), Distance : 436 ft
|
Pitching: RHP Robert Bell
|
|
Batting: SHB Adrián Pueblo
|
Single, Error in OF, E9, batter to second base
|
Batting: RHB Jim Unknown
|
0-0: Ball 1-0: Ball 2-0: Ball 3-0: Base on Balls
|
Batting: SHB Jim Unknown
|
0-0: Ball 1-0: Called Strike 1-1: Ball 2-1: Ball 3-1: Foul Ball, location: 2F 3-2: Foul Ball, location: 2F 3-2: Base on Balls Adrián Pueblo to third Jim Unknown to second
|
Batting: RHB Jim Unknown
|
0-0: Swinging Strike 0-1: Ball 1-1: Called Strike 1-2: Strikes out swinging
|
Batting: SHB Jim Unknown
|
0-0: Called Strike 0-1: Ball 1-1: Foul Ball, location: 2F 1-2: Strikes out swinging
|
Top of the 8th over - 7 run(s), 6 hit(s), 1 error(s), 3 left on base; Springfield 8 - Casper 2 |
BOTTOM OF THE 8TH |
Casper Ghosts batting - Pitching for Springfield Shooters : RHP Kuemon Hirata
|
Batting: SHB Erjan Kerstens
|
0-0: Ball 1-0: Called Strike 1-1: Called Strike 1-2: Strikes out swinging
|
Batting: LHB Jim Unknown
|
0-0: SINGLE (Groundball, 2L) (infield hit)
|
Batting: LHB Terry Johnson
|
0-0: Ball 1-0: Foul Ball, location: 2F 1-1: Ball 2-1: Ball 3-1: Grounds into double play, 4-6-3 (Groundball, 34)
|
Bottom of the 8th over - 0 run(s), 1 hit(s), 0 error(s), 0 left on base; Springfield 8 - Casper 2 |
TOP OF THE 9TH |
Springfield Shooters batting - Pitching for Casper Ghosts : RHP Robert Bell
|
Pitching: RHP Jim Unknown
|
|
Batting: RHB Tom Potts
|
0-0: Foul Ball, location: 2F 0-1: Foul Ball, location: 2F 0-2: Ground out 5-3 (Groundball, 5S)
|
Batting: RHB Jim Unknown
|
0-0: Ball 1-0: Ball 2-0: Foul Ball, location: 2F 2-1: Foul Ball, location: 2F 2-2: Strikes out swinging
|
Batting: SHB Jared Jefferson
|
0-0: Fly out, F8 (Flyball, 8LM)
|
Top of the 9th over - 0 run(s), 0 hit(s), 0 error(s), 0 left on base; Springfield 8 - Casper 2 |
BOTTOM OF THE 9TH |
Casper Ghosts batting - Pitching for Springfield Shooters : RHP Kuemon Hirata
|
Batting: RHB Lorenzo Díaz
|
0-0: Called Strike 0-1: Ball 1-1: Ground out 5-3 (Groundball, 5L)
|
Batting: RHB Austin Henderson
|
0-0: Foul Ball, location: 2F 0-1: Swinging Strike 0-2: Ball 1-2: Ball 2-2: Foul Ball, location: 2F 2-2: Ball 3-2: Strikes out swinging
|
Batting: SHB Alonso Rodríguez
|
0-0: Ball 1-0: Ground out 4-3 (Groundball, 4)
|
Bottom of the 9th over - 0 run(s), 0 hit(s), 0 error(s), 0 left on base; Springfield 8 - Casper 2 |
|